 Dungeon Crawl Stone Soup version 0.28-a0-1199-gef9e1dbd39 (webtiles) character file.

Game seed: 4063553057903530091

163 oldriver the Chopper (level 5, -3/52 HPs)
             Began as a Minotaur Berserker on Dec 20, 2021.
             Was a Believer of Trog.
             Slain by a worm (8 damage)
             ... on level 4 of the Dungeon.
             The game lasted 00:02:26 (3201 turns).

oldriver the Chopper (Minotaur Berserker)           Turns: 3201, Time: 00:02:26

Health: -3/52      AC:  2    Str: 24    XL:     5   Next: 20%
Magic:  4/4        EV: 12    Int:  6    God:    Trog [**....]
Gold:   87         SH:  0    Dex:  7    Spells: 4/4 levels left

rFire   . . .      SeeInvis .   a - +0 hand axe
rCold   . . .      Faith    .   (no shield)
rNeg    . . .      Spirit   .   b - +0 animal skin
rPois   .          Reflect  .   (helmet restricted)
rElec   .          Harm     .   (no cloak)
rCorr   .          Rampage  .   (no gloves)
Will    .....                   (no boots)
Stlth   +.........              (no amulet)
HPRegen 0.17/turn               (no ring)
MPRegen 0.09/turn               (no ring)

@: very slow
A: horns 2, retaliatory headbutt, hooves 1, clumsy 1, robust 1, strong 1
a: Renounce Religion, Berserk, Trog's Hand


You were on level 4 of the Dungeon.
You worshipped Trog.
Trog was pleased with you.
You visited 1 branch of the dungeon, and saw 4 of its levels.

You collected 87 gold pieces.

Inventory:

Hand Weapons
 a - a +0 hand axe (weapon)
Armour
 b - a +0 animal skin (worn)
Jewellery
 e - a ring of magical power
Scrolls
 c - a scroll of holy word {unknown}
 d - a scroll of enchant armour {unknown}
 f - 3 scrolls of identify {unknown}
 g - 2 scrolls of teleportation {unknown}
 i - a scroll of noise {unknown}
 j - 2 scrolls of immolation {unknown}
 k - a scroll of magic mapping {unknown}


   Skills:
 * Level 5.3 Fighting
 * Level 5.6(5.7) Axes
 - Level 0.2(3.4) Maces & Flails
 + Level 2.6 Armour
 + Level 2.5 Dodging


You had 4 spell levels left.
You didn't know any spells.
Your spell library was empty.

Dungeon Overview and Level Annotations

Branches:
Dungeon (4/15)
 Temple: D:4-7

Altars:
Cheibriados

Shops:
D:3 =


Innate Abilities, Weirdness & Mutations

You have a pair of horns on your head.
You reflexively headbutt those who attack you in melee.
You have large cloven feet.
You are clumsy. (Dex -2)
You are robust. (+10% HP)
Your muscles are strong. (Str +2)


Message History

The orc priest invokes the aid of Beogh against you.
Beogh smites you! The orc priest hits you with a +0 mace!
You hit the orc priest. Your kick misses the orc priest.
The orc priest is lightly wounded.
The orc priest hits you with a +0 mace.
* * * LOW HITPOINT WARNING * * *
You hit the orc priest but do no damage.
You headbutt the orc priest!
The orc priest is almost dead.
The orc priest hits you but does no damage.
You hit the orc priest.
You kill the orc priest!
Trog accepts your kill.
You have reached level 5!
You see here a +0 mace.
j - 2 scrolls labelled ZABRECLONT (gained 1)
You aren't carrying any potions.
Okay, then.
You start resting.
You hear the brisk rusting of a drain very nearby.
You enter the shallow water.
Moving in this stuff is going to be slow.
A worm comes into view.
You enter the shallow water.
Moving in this stuff is going to be slow.
Your unstable footing causes you to fumble your attack.
Your unstable footing causes you to fumble your attack.
The worm bites you.
You slash the worm! You kick the worm. Your headbutt misses the worm.
The worm is severely wounded.
The worm bites you.
* * * LOW HITPOINT WARNING * * *
You enter the shallow water.
Moving in this stuff is going to be slow.
The worm bites you!
* * * LOW HITPOINT WARNING * * *
Your unstable footing causes you to fumble your attack.
The worm bites you!
You die...

#.................###.#....
#....#.........##..[........
.......###.#......##..........
....##. #.###.#########....##
.### #. #.##≈## #......# #.
#..#≈# #....... #. ...#≈#
#....).. .. ...#.# #..#.... ..
#@# #....... #w# #....... #.#
#≈# ##≈ #


You could see a worm.

Vanquished Creatures
  An orc priest (D:4)
  Natasha (D:4)
  An orc wizard (D:4)
  4 adders
  A dart slug (D:3)
  5 orcs
  4 endoplasms
  2 giant cockroaches (D:3)
  A goblin (D:2)
  6 hobgoblins
  3 jackals (D:1)
  2 quokkas
  4 ball pythons
  A bat (D:1)
  A frilled lizard (D:1)
  2 kobolds (D:1)
  6 rats
45 creatures vanquished.

Notes
Turn   | Place    | Note
-------+----------+-------------------------------------------
     0 | D:1      | oldriver the Minotaur Berserker began the quest for the
                  | Orb.
     0 | D:1      | Reached XP level 1. HP: 19/19 MP: 0/0
   511 | D:1      | Reached XP level 2. HP: 27/27 MP: 1/1
   526 | D:1      | Found a faded altar of an unknown god.
  1269 | D:2      | Found a snail-covered altar of Cheibriados.
  1279 | D:2      | Reached ** piety under Trog
  1280 | D:2      | Reached XP level 3. HP: 18/33 MP: 2/2
  2495 | D:3      | Reached XP level 4. HP: 41/41 MP: 3/3
  2537 | D:3      | Found Koumonti's Jewellery Shop.
  2954 | D:4      | HP: 1/41 [something/puff of flame (11)]
  2961 | D:4      | Gained mutation: You are robust. (+10% HP) [potion of
                  | mutation]
  2961 | D:4      | Gained mutation: You have large cloven feet. [potion of
                  | mutation]
  2961 | D:4      | Gained mutation: You are clumsy. (Dex -2) [potion of
                  | mutation]
  2961 | D:4      | Gained mutation: Your muscles are strong. (Str +2) [potion
                  | of mutation]
  2964 | D:4      | Reached skill level 5 in Fighting
  3144 | D:4      | Noticed Natasha
  3146 | D:4      | Reached skill level 5 in Axes
  3152 | D:4      | Killed Natasha
  3157 | D:4      | Reached XP level 5. HP: 14/52 MP: 4/4
  3201 | D:4      | Slain by a worm

Illustrated notes

Levels and vault maps discovered:
D:1:      lightli_arrival_chessboard, layout_basic,
          ebering_ecumenical_altar_rust
D:2:      layout_basic, basic_altar
D:3:      layout_basic, serial_shops, nicolae_shop_hallway_plus,
          dk_noncrumbling_3
D:4:      layout_cave_pools, gup_sewer_entry_spiral, cheibrodos_gnoll_hut,
          uniq_natasha

Skill      XL: |  1  2  3  4 |
---------------+-------------+-----
Fighting       | 4 5 |  5.3
Axes           | 4 5 |  5.6
Maces & Flails | |  0.2
Armour         | |  2.6
Dodging        | |  2.5

Action                   |  1- 3 |  4- 6 || total
-------------------------+-------+-------++-------
Melee: Hand axe          |    76 |    44 ||   120
       Headbutt          |     7 |     5 ||    12
       Kick              |       |     2 ||     2
  Use: Potion            |       |     4 ||     4
Armor: Animal skin       |    11 |     6 ||    17
Dodge: Dodged            |    52 |    19 ||    71

Table legend: (Time is in decaauts)
 A = Elapsed time spent in this place.
 B = Non-inter-level travel time spent in this place.
 C = Inter-level travel time spent in this place.
 D = Time resting spent in this place.
 E = Time spent auto-exploring this place.
 F = Levels seen in this place.
 G = Mean time per level.
                   A        B        C        D        E       F      G
               +--------+--------+--------+--------+--------+-----+--------+
         Total |   3213 |   3141 |     72 |    641 |   2160 |   4 |  803.2 |
       Dungeon |   3213 |   3141 |     72 |    641 |   2160 |   4 |  803.2 |
               +--------+--------+--------+--------+--------+-----+--------+

Top non-repeatable levels by time:
     D:1: 1221 daAuts
     D:2: 1088 daAuts
     D:3: 621 daAuts
     D:4: 281 daAuts
